 Dungeon Crawl Stone Soup version 0.29.1-2-gbd0b4ee654 (webtiles) character file.

Game seed: 11090868923333269879

126 safid the Shooter (level 4, 0/41 HPs)
             Began as a Minotaur Hunter on Nov 3, 2022.
             Slain by an orc priest
             ... wielding a +0 war axe
              (4 damage)
             ... on level 3 of the Dungeon.
             The game lasted 00:02:30 (1954 turns).

safid the Shooter (Minotaur Hunter)                 Turns: 1954, Time: 00:02:30

Health: 0/41       AC:  3    Str: 16    XL:     4   Next: 84%
Magic:  3/3        EV: 12    Int:  6    God:
Gold:   107        SH:  0    Dex: 15    Spells: 3/3 levels left

rFire   . . .      SeeInvis .   a - +0 shortbow
rCold   . . .      Faith    .   (shield currently unavailable)
rNeg    . . .      Spirit   .   c - +0 leather armour
rPois   .          Reflect  .   (helmet restricted)
rElec   .          Harm     .   (no cloak)
rCorr   .          Rampage  .   (no gloves)
Will    .....                   (no boots)
Stlth   +.........              (no amulet)
HPRegen 0.13/turn               (no ring)
MPRegen 0.08/turn               (no ring)

@: no status effects
A: horns 2, retaliatory headbutt
a: no special abilities


You were on level 3 of the Dungeon.
You visited 1 branch of the dungeon, and saw 3 of its levels.

You collected 107 gold pieces.

Inventory:

Hand Weapons
 a - a +0 shortbow (weapon)
Armour
 c - a +0 leather armour (worn)
Jewellery
 j - a ring of protection from cold
 k - an amulet of magic regeneration
 o - an amulet of the acrobat
Scrolls
 b - a scroll of immolation
 d - a scroll of butterflies {unknown}
 l - 2 scrolls of teleportation {unknown}
 p - a scroll of brand weapon {unknown}
Potions
 e - 3 potions of curing {unknown}
 f - 3 potions of heal wounds {unknown}
 g - a potion of degeneration {unknown}
 h - a potion of might {unknown}
 i - a potion of lignification {unknown}
 m - a potion of cancellation {unknown}
 n - a potion of berserk rage {unknown}


   Skills:
 + Level 4.7 Fighting
 + Level 5.7 Ranged Weapons
 - Level 2.1 Dodging
 - Level 0.7 Stealth


You had 3 spell levels left.
You didn't know any spells.
Your spell library contained the following spells:

 Spells                   Type           Power      Damage    Failure   Level
 Magic Dart               Conj           0%         1d3       52%         1
 Call Imp                 Summ           0%         N/A       67%         2
 Dazzling Flash           Conj/Hex       0%         N/A       88%         3
 Mephitic Cloud           Conj/Pois/Air  0%         N/A       88%         3
 Agony                    Necr           0%         N/A       100%        5
 Silence                  Hex/Air        0%         N/A       100%        5


Dungeon Overview and Level Annotations

Branches:
Dungeon (3/15)

Altars:
Xom

Shops:
D:2 (


Innate Abilities, Weirdness & Mutations

You have a pair of horns on your head.
You reflexively headbutt those who attack you in melee.


Message History

The arrow hits the orc but does no damage.
The orc is heavily wounded.
The orc barely misses you.
You shoot an arrow. The arrow hits the orc.
The orc is severely wounded.
The orc barely misses you.
The orc priest invokes the aid of Beogh against you.
Beogh smites you!
You shoot an arrow. The arrow hits the orc.
You kill the orc!
The orc priest invokes the aid of Beogh against you.
Beogh smites you!
The orc wizard gestures wildly while chanting.
The orc wizard flickers and vanishes!
Deactivating autopickup; reactivate with Ctrl-A.
The orc priest calls down the wrath of Beogh upon you.
Pain shoots through your body!
* * * LOW HITPOINT WARNING * * *
You are too injured to fight recklessly!
You are too injured to fight recklessly!
Fire: a) +0 shortbow
Press: ? - help, Q - select action Shift-Dir - straight line, f - orc priest
Aim: an orc priest, wielding a +0 war axe (moderately wounded, 63% to hit)
You shoot an arrow. The arrow hits the orc priest.
The orc priest is moderately wounded.
The orc priest casts a cantrip, but nothing happens.
Fire: a) +0 shortbow
Press: ? - help, Q - select action Shift-Dir - straight line, f/p - orc priest
Aim: an orc priest, wielding a +0 war axe (moderately wounded, 63% to hit)
You shoot an arrow.
The arrow closely misses the orc priest.
Unknown command.
Fire: a) +0 shortbow
Press: ? - help, Q - select action Shift-Dir - straight line, f/p - orc priest
Aim: an orc priest, wielding a +0 war axe (moderately wounded, 63% to hit)
You shoot an arrow.
The arrow hits the orc priest but does no damage.
The orc priest is moderately wounded.
The orc priest hits you with a +0 war axe.
You die...

#.# #.# #.# #.#
#.# #.# ####.#
#.# ..##.# #o# #
#.##.# #@#
#.#.##.# #.#
#.#.##)# #.#
#.#.##.###.#
#####..........#
........[.#.####
#####.#.##.##
#.#.#### #.#.#


You could see an orc priest.

Vanquished Creatures
  2 crimson imps (D:3)
  An adder (D:2)
  2 dart slugs
  An orc (D:3)
  5 bats
  3 endoplasms
  2 giant cockroaches
  7 goblins
  4 hobgoblins
  3 jackals (D:3)
  A quokka (D:2)
  3 ball pythons
  2 frilled lizards (D:1)
  4 kobolds
  2 rats
42 creatures vanquished.

Vanquished Creatures (others)
  A plant (D:2)
1 creature vanquished.

Grand Total: 43 creatures vanquished

Notes
Turn   | Place    | Note
-------+----------+-------------------------------------------
     0 | D:1      | safid the Minotaur Hunter began the quest for the Orb.
     0 | D:1      | Reached XP level 1. HP: 18/18 MP: 0/0
   213 | D:1      | Reached XP level 2. HP: 25/25 MP: 1/1
   925 | D:2      | Found Xualoklu's Weapon Shop.
  1156 | D:2      | Reached skill level 5 in Ranged Weapons
  1156 | D:2      | Reached XP level 3. HP: 31/31 MP: 2/2
  1750 | D:3      | Found a shimmering altar of Xom.
  1841 | D:3      | Reached XP level 4. HP: 37/40 MP: 3/3
  1904 | D:3      | Found a faded altar of an unknown god.
  1954 | D:3      | Slain by an orc priest

Illustrated notes

Levels and vault maps discovered:
D:1:      minmay_arrival_jagged, layout_basic, chequers_big_river,
          chequers_mini_garden
D:2:      cheibrodos_helix_gallery, layout_loops_ring, serial_shops,
          nicolae_shop_bloodbath_and_beyond, minmay_misc_feat_plants,
          eino_tiny_chamber
D:3:      layout_loops_ring, led_xom_imps, tso_metal_star,
          basic_ecumenical_altar, minmay_rat_hole

Skill      XL: |  1  2  3 |
---------------+----------+-----
Fighting       | 3 4 |  4.7
Ranged Weapons | 5 |  5.7
Dodging        | |  2.1
Stealth        | |  0.7

Action                   |  1- 3 |  4- 6 || total
-------------------------+-------+-------++-------
 Fire: Shortbow          |    92 |    21 ||   113
Armor: Leather armour    |    11 |     1 ||    12
Dodge: Dodged            |    19 |     3 ||    22
